 Dungeon Crawl Stone Soup version 0.19.1 (webtiles) character file.

52 Monsterracer the Firebug (level 3, 0/19 HPs)
             Began as a Deep Elf Fire Elementalist on Nov 24, 2016.
             Succumbed to an adder's poison
             ... on level 2 of the Dungeon.
             The game lasted 00:03:24 (1634 turns).

Monsterracer the Firebug (DEFE)                     Turns: 1634, Time: 00:03:26

Health: 0/19       AC:  2    Str:  5    XL:     3   Next: 60%
Magic:  8/10       EV: 13    Int: 20    God:
Gold:   63         SH:  0    Dex: 15    Spells: 2 memorised, 5 levels left

rFire  . . .     SeeInvis .     g - +0 dagger (venom)
rCold  . . .     Gourm    .     a - +0 robe
rNeg   . . .     Faith    .     (no shield)
rPois  .         Spirit   .     (no helmet)
rElec  .         Reflect  .     (no cloak)
rCorr  .         Harm     .     (no gloves)
MR     .....                    (no boots)
Stlth  ++........               (no amulet)
                                (no ring)
                                (no ring)

@: lethally poisoned (0 -> -4)
A: no striking features
a: no special abilities


You were on level 2 of the Dungeon.
You were not hungry.

You visited 1 branch of the dungeon, and saw 2 of its levels.

You collected 63 gold pieces.

Inventory:

Hand Weapons
 g - a +0 dagger of venom (weapon)
Armour
 a - a +0 robe (worn)
Scrolls
 d - 4 scrolls of teleportation {unknown}
 e - a scroll of enchant weapon {unknown}
 f - 2 scrolls of identify {unknown}
 h - a scroll of blinking {unknown}
 i - 3 scrolls of magic mapping {unknown}
 m - 2 scrolls of random uselessness {unknown}
 o - a scroll of enchant armour {unknown}
 p - a scroll of fear {unknown}
Potions
 l - 2 potions of flight
 n - a potion of agility
Books
 b - a book of Flames

   Spells                             Type                      Level
   a - Flame Tongue                   Conjuration/Fire             1
   b - Throw Flame                    Conjuration/Fire             2
   c - Conjure Flame                  Conjuration/Fire             3
   d - Inner Flame                    Hexes/Fire                   3
   e - Sticky Flame                   Conjuration/Fire             4
   f - Fireball                       Conjuration/Fire             5
Comestibles
 c - a bread ration
 j - 4 fruits
 k - 2 meat rations


   Skills:
 - Level 2.4 Dodging
 - Level 2.4 Stealth
 + Level 3.5 Spellcasting
 * Level 2.5 Conjurations
 * Level 4.1 Fire Magic


You had 5 spell levels left.
You knew the following spells:

 Your Spells              Type           Power        Failure   Level  Hunger
a - Flame Tongue          Conj/Fire      ###..        3%          1    None
b - Conjure Flame         Conj/Fire      ###.....     12%         3    ###....


Dungeon Overview and Level Annotations

Branches:
Dungeon (2/15)

Altars:
Gozag
Nemelex Xobeh
Qazlal
Uskayaw
The Shining One


Message History

You feel sick.
You kill the adder!
There is a lethal amount of poison in your body!
You feel sick.
You feel sick.
You feel sick.
You feel sick.
You feel sick.
* * * LOW HITPOINT WARNING * * *
You feel sick.
* * * LOW HITPOINT WARNING * * *
You feel sick.
* * * LOW HITPOINT WARNING * * *
You feel sick.
Okay, then.
* * * LOW HITPOINT WARNING * * *
You feel sick.
* * * LOW HITPOINT WARNING * * *
You feel sick.
You die...

.# #........#
#.....#
.###.########
#.....# .......#
#####.#########
.###.#.#
######.........# .#
#.#.#
#...#..#######.#
.###.# #
#...#..........#
>....#
#...#.###.###..#
........ #...#.#
#.# #..# ........
##..@#.###'###..#
........
#....+...'_###..#
........
#......###'###..#
........
........#.# #.#
#.## #.......
#########.###.###.#
...... #.........#
###########


There were no monsters in sight!

Vanquished Creatures
  2 adders (D:2)
  A worm (D:2)
  4 giant cockroaches
  4 goblins
  5 hobgoblins
  2 bats
  4 frilled lizards
  7 kobolds
  3 rats (D:1)
32 creatures vanquished.

Notes
Turn   | Place    | Note
-------+----------+-------------------------------------------
     0 | D:1      | Monsterracer the Deep Elf Fire Elementalist began the quest for the Orb.
     0 | D:1      | Reached XP level 1. HP: 10/10 MP: 6/6
   406 | D:1      | Reached XP level 2. HP: 15/15 MP: 2/8
  1186 | D:2      | Reached XP level 3. HP: 18/19 MP: 5/9
  1230 | D:2      | Found a sparkling altar of Nemelex Xobeh.
  1452 | D:2      | Learned a level 3 spell: Conjure Flame
  1496 | D:2      | Found an opulent altar of Gozag.
  1506 | D:2      | Found a glowing golden altar of the Shining One.
  1509 | D:2      | Reached skill level 4 in Fire Magic
  1510 | D:2      | Found a stormy altar of Qazlal.
  1583 | D:2      | Found a hide-covered altar of Uskayaw.
  1634 | D:2      | Succumbed to an adder's poison

Skill      XL: |  1  2  3 |
---------------+----------+-----
Conjurations   | 2 |  2.5
Fire Magic     | 4 |  4.1
Dodging        | |  2.4
Stealth        | |  2.4
Spellcasting   | |  3.5

Action                   || total
-------------------------++-------
Melee: Dagger            ||     2
 Cast: Flame Tongue      ||    51
  Use: Potion            ||     4
 Stab: Sleeping          ||     1
  Eat: Chunk             ||     2
Armor: Robe              ||     1
Dodge: Dodged            ||     6
